AoeStats
← metaL1c-_-

Arabia

508032225Analyzed
1v1 RM · 13d ago on Sep 20, 2026· 23m 37s· 2 players
Game mode
Random Map
Map size
Tiny (2 player)
Population
200
Speed
Normal
Resources
Standard
Victory
Conquest
Starting age
Dark Age
Ending age
Imperial Age
RankedLock teamsTeams togetherTeam positionsShared explorationLock speedFull tech treeHidden civsTurbo modeCheats
Victory
Defeat
🇨🇭 Vietnamese · Switzerland
777
+15
🇰🇿 Berbers · Kazakhstan
753
-15
metaL1c-_-
11:37 Feudal Age
12:22 Double-Bit Axe
13:11 Horse Collar
22:11 Castle Age
20:26 Gold Mining
22:59 Thumb Ring
22:19 Elite Skirmisher
23:03 Heavy Plow
Bukit Goloxolus
11:30 Feudal Age
12:07 Double-Bit Axe
13:51 Horse Collar
17:51 Castle Age
16:47 Gold Mining
18:17 Padded Archer Armor
18:29 Fletching
19:06 Bow Saw
19:09 Heavy Plow
20:19 Crossbowman
21:25 Squires
24:15 Ballistics
Connection lost

Rejoining the realm…

Still unreachable

The connection could not be restored.

Session expired

The server has moved on; the page needs a fresh start.